[Event "GrandPrix_29.05"]
[Site "Chess.com"]
[Date "2020.05.29"]
[Round "1"]
[White "Natalya_Buksa"]
[Black "kotmizer"]
[Result "0-1"]
[WhiteElo "2179"]
[BlackElo "1859"]
[TimeControl "600+2"]
[EndTime "9:24:01 PDT"]
[Termination "kotmizer won by checkmate"]

1. d4 Nf6 2. Nc3 d5 3. Bf4 e6 4.
e3 a6 5. Nf3 Bb4 6. Bd3 c5 7.
dxc5 Bxc5 8. O-O Nc6 9. e4 d4 10. Ne2 Qb6 11. Rb1 Nh5 12. b4 Nxf4 13. Nxf4 Bd6 14.
Ne2 e5 15. c3 Bg4 16. c4 Bxf3 17. gxf3 Qd8 18. Qd2 O-O 19. Kh1 Qf6 20. Kg2 Ne7 21. Ng3 Ng6 22. Nf5 Nf4+ 23. Kh1 g6 24. Rg1 h5 25.
Nxd6 Qxd6 26. c5 Qf6 27. a4 Kh7 28. Rg3 Rac8 29. Rc1 Rc7 30. Bc4 a5 31. Bb5 Rfc8 32.
Rgg1 axb4 33. Qxb4 Qe7 34. Rc4 Nd3 35. Qd2 Nxc5 36.
Rgc1 Ne6 37. Rxc7 Rxc7 38. Rxc7 Qxc7 39. Kg2 Qc3 40. Qd1 d3 41. Kg3 Nf4 42. Be8 Qc2 43.
Qa1 f6 44. Qa3 h4+ 45. Kg4 Qc8+ 46. Kxh4 Qh3# 0-1

[Event "GrandPrix_29.05"]
[Site "Chess.com"]
[Date "2020.05.29"]
[Round "1"]
[White "Shahinyan_ChessMood"]
[Black "Koalaskakistis"]
[Result "0-1"]
[WhiteElo "1966"]
[BlackElo "2053"]
[TimeControl "600+2"]
[EndTime "9:24:03 PDT"]
[Termination "Koalaskakistis won by checkmate"]

1. e4 c5 2. Nc3 e6 3. g3 d5 4. exd5 exd5 5. d3 Nf6 6. Bg2 d4 7.
Nce2 Nc6 8. Nf3 Bd6 9. O-O O-O 10. Bf4 h6 11. Qd2 Nd5 12. Rae1 Be6 13. Bxd6 Qxd6 14. Nc1 Rae8 15. Re2 Re7 16. Rfe1 Rfe8 17. Ne5 Nxe5 18. Rxe5 Nb4 19. Nb3 b6 20. Nc1 a5 21. a3 Nc6 22.
R5e4 a4 23. Qd1 Bd5 24. Rxe7 Rxe7 25. Bxd5 Qxd5 26. Rxe7 Nxe7 27. c4 dxc3 28. bxc3 b5 29. Qe2 Kf8 30. c4 bxc4 31. dxc4 Qd4 32. Qc2 Qa1 33.
Qd2 Ke8 34. Kg2 Qxa3 35. Nd3 Nf5 36. Qe2+ Kf8 37. Qe4 Nd4 38. Qa8+ Ke7 39. Qa7+ Kf8 40. Qb8+ Ke7 41. Qc7+ Kf6 42. Qe5+ Kg6 43. Nxc5 Qf3+ 44.
Kf1 Qh1# 0-1

[Event "GrandPrix_29.05"]
[Site "Chess.com"]
[Date "2020.05.29"]
[Round "1"]
[White "viktorskliarov"]
[Black "Funo09"]
[Result "1/2-1/2"]
[WhiteElo "2194"]
[BlackElo "2570"]
[TimeControl "600+2"]
[EndTime "9:24:05 PDT"]
[Termination "Game drawn by agreement"]

1. e4 c5 2. Nf3 Nf6 3. e5 Nd5 4. Nc3 e6 5. Nxd5 exd5 6. d4 Nc6 7. dxc5 Bxc5 8. c3 d6 9. b4 Bb6 10. Qxd5 dxe5 11. Qxd8+ Bxd8 12. b5 Na5 13. Nxe5 O-O 14. Nc4 Bf6 15. Bd2 Re8+ 16. Kd1 Nxc4 17. Bxc4 Bf5 18.
Rc1 Rad8 19. Re1 Be4 20. f3 Bg5 21. Rxe4 Rxd2+ 22. Ke1 Rxe4+ 23. fxe4 Rxg2 24. Rd1 Bh4+ 25. Kf1 Rxh2 26. Rd7 Rf2+ 27. Kg1 h5 28. Rxb7 Rf6 29. e5 Rf4 30. Bd5 Bf2+ 31. Kg2 Bc5 32. a4 g5 33.
a5 h4 34. b6 axb6 35. a6 b5 36. a7 Bxa7 37. Rxa7 g4 38. Rb7 g3 39. Bf3 Rc4 40.
Rxb5 Rxc3 41. Rb2 Re3 42. Re2 Rxe2+ 43. Bxe2 Kf8 44. Kh3 Ke7 45. Bf3 Ke6 46. Kxh4 Kxe5 47.
Kxg3 Kf5 48. Kf2 1/2-1/2

[Event "GrandPrix_29.05"]
[Site "Chess.com"]
[Date "2020.05.29"]
[Round "1"]
[White "BlackBoarder"]
[Black "Durarbayli"]
[Result "0-1"]
[WhiteElo "2180"]
[BlackElo "2672"]
[TimeControl "600+2"]
[EndTime "9:24:10 PDT"]
[Termination "Durarbayli won by resignation"]

1. e4 e5 2. Nf3 Nc6 3. d4 exd4 4. Bc4 Bc5 5. Ng5 Nh6 6. Nxf7 Nxf7 7. Bxf7+ Kxf7 8.
Qh5+ g6 9. Qd5+ Ke8 10. Qxc5 d6 11. Qc4 Qe7 12. O-O Qxe4 13. Nc3 Be6 14. Qa4 Qf5 15. Nb5 Kd7 16. Nxd4 Qe4 17. Rd1 Rhe8 18. f3 Qe5 19.
Nxc6 bxc6 20. Bf4 Qc5+ 21. Qd4 Qxd4+ 22. Rxd4 c5 23. Rd2 a5 24. Kf2 a4 25. Re2 Bc4 26.
Re3 Reb8 27. Rc3 Be6 28. Bc1 g5 29. h3 h6 30. Ra3 Bf5 31. Rc3 Be6 32. Ra3 Bf5 33.
Rc3 Kc6 34. Rb1 Be6 35. b3 axb3 36. axb3 Ra2 37. Rb2 Ra1 38. Be3 Kd7 39. Rd3 c4 40. Rc3 c5 41. h4 gxh4 42. Bxh6 d5 43. Re3 d4 44. Rxe6 Kxe6 45. Bf4 c3 0-1

[Event "GrandPrix_29.05"]
[Site "Chess.com"]
[Date "2020.05.29"]
[Round "1"]
[White "ChessQueen"]
[Black "ZefirKa"]
[Result "1-0"]
[WhiteElo "2610"]
[BlackElo "2155"]
[TimeControl "600+2"]
[EndTime "9:24:12 PDT"]
[Termination "ChessQueen won on time"]

1. e4 c6 2. c4 d5 3. cxd5 cxd5 4.
exd5 Nf6 5. Nc3 Nxd5 6. Nf3 Nc6 7.
Bb5 e6 8. Qa4 Qd6 9. O-O Bd7 10.
Qg4 Nf6 11. Qh4 Be7 12. d4 Nd5 13. Qe4 Nf6 14. Qh4 Nd5 15. Bg5 Bxg5 16. Qxg5 Nxc3 17. bxc3 O-O 18. Rfe1 Ne7 19. Bd3 Ng6 20. Qh5 Qf4 21.
Ne5 Bc6 22. Re3 Qh6 23. Qxh6 gxh6 24. Nxc6 bxc6 25. Be4 Rac8 26. g3 Rfd8 27. Rd1 Ne7 28. c4 Rc7 29. Red3 Rcd7 30. Kf1 Kg7 31. Ke2 Kf6 32.
Bxh7 Rb8 33. a3 Rb2+ 34. R1d2 Rb6 35. Be4 Ra6 36. Rb2 Ra5 37. f4 Ra4 38. Rb4 Ra6 39. Ke3 Nc8 40. g4 Nd6 41. h4 Nxe4 42. Kxe4 c5 43.
dxc5 Rxd3 44. Kxd3 Rxa3+ 45. Ke4 Ra6 46. g5+ hxg5 47.
hxg5+ Kg6 48. Rb8 Rc6 49. Kd4 Rc7 50. Rd8 Kf5 51. Rd6 Kxf4 52. c6 Kxg5 53. Kc5 1-0

[Event "GrandPrix_29.05"]
[Site "Chess.com"]
[Date "2020.05.29"]
[Round "1"]
[White "klimkoj"]
[Black "Oleksandr_Bortnyk"]
[Result "1-0"]
[WhiteElo "2094"]
[BlackElo "2254"]
[TimeControl "600+2"]
[EndTime "9:24:12 PDT"]
[Termination "klimkoj won by resignation"]

1. e4 Nf6 2. e5 Nd5 3. c4 Nb6 4. c5 Nd5 5. Nc3 e6 6. Qg4 d6 7. cxd6 cxd6 8. exd6 Nc6 9. Nf3 h5 10. Qe4 Nf6 11. Qc2 Bxd6 12. Bb5 Bd7 13. O-O a6 14. Be2 g5 15. Nxg5 Bxh2+ 16. Kh1 Ng4 17. Nh3 Nd4 18. Qd3 Nxe2 19. Qxe2 Bc6 20. f3 Bc7 21. d4 Qxd4 22. Re1 O-O-O 23. Bg5 Rdg8 24. Rad1 Qg7 25. Ne4 Bxe4 26.
fxe4 Kb8 27. Rd7 Rc8 28. Qf3 Ne5 29. Qc3 Bd6 30. Qd2 Nxd7 31. Qxd6+ Rc7 32. Rc1 Rc8 33. Rxc7 Rxc7 34. Bd8 Ka7 35. Bxc7 f5 36. Qxe6 fxe4 37. Qxe4 Qxb2 38. Qe3+ b6 39. Bf4 Qxa2 40. Qc3 Qd5 41.
Qc7+ Qb7 42. Qd6 Nc5 43. Ng5 a5 44. Be3 Na6 45. Ne6 a4 46. Nd4 Nc5 47. Nc6+ Ka6 48. Nd8 Qc8 49. Nc6 Qf5 50. Nb4+ Kb5 51. Nd5 Qe6 52.
Nc7+ Kc4 53. Nxe6 1-0

[Event "GrandPrix_29.05"]
[Site "Chess.com"]
[Date "2020.05.29"]
[Round "1"]
[White "larrylarsen"]
[Black "DaggiGretarsson"]
[Result "0-1"]
[WhiteElo "1195"]
[BlackElo "2221"]
[TimeControl "600+2"]
[EndTime "9:24:17 PDT"]
[Termination "DaggiGretarsson won on time"]

1. d4 g6 2. e4 Bg7 3. Nf3 d6 4. Bc4 Nf6 5. Qe2 O-O 6. O-O Bg4 7. Nbd2 Nc6 8. c3 e5 9. h3 Bd7 10. Rd1 Qe7 11. dxe5 Nxe5 12. Bb3 Nxf3+ 13. Qxf3 Bc6 14. Bd5 Bxd5 15. exd5 Rae8 16. Nf1 Qe2 17. Qxe2 Rxe2 18. Ne3 Ne4 19. Rf1 Re8 20. a4 Nc5 21. Rd1 Nb3 22.
Rb1 Bh6 23. Kf1 Nxc1 24. Rdxc1 Bxe3 25. fxe3 R8xe3 26. Rd1 Rc2 27. Re1 Rxe1+ 28. Rxe1 Kf8 29. Re4 Rxb2 30. Rc4 a5 31. Rxc7 b5 32. axb5 Rxb5 33. c4 Rc5 34. Rd7 a4 35. Rxd6 Ra5 36. Rb6 a3 37.
Rb1 a2 38. Ra1 Ke7 39. Ke2 Kd6 40. Kd3 Kc5 41. Kc3 Ra3+ 42. Kb2 Rg3 43. Rxa2 Rxg2+ 44. Kb3 Rxa2 45. Kxa2 g5 46. Kb2 h5 47. Kc2 g4 48.
hxg4 h4 49. Kd3 h3 50. Ke4 h2 51. Kf5 h1=Q 0-1

[Event "GrandPrix_29.05"]
[Site "Chess.com"]
[Date "2020.05.29"]
[Round "1"]
[White "Chessbuster123"]
[Black "Yaroslav_Remizov"]
[Result "0-1"]
[WhiteElo "2005"]
[BlackElo "2434"]
[TimeControl "600+2"]
[EndTime "9:24:18 PDT"]
[Termination "Yaroslav_Remizov won by checkmate"]

1. d4 d5 2. c4 c6 3. cxd5 cxd5 4. Nc3 Nf6 5. Bf4 e6 6. e3 Bd6 7. Bxd6 Qxd6 8. Bd3 O-O 9. f4 b6 10. Nf3 Ba6 11.
O-O Bxd3 12. Qxd3 Nc6 13. Ne5 Rfc8 14. Rf3 Nb4 15. Qb1 g6 16. g4 Rc7 17. Nb5 Qd8 18. Nxc7 Qxc7 19. Qc1 Nc2 20. Rb1 Rc8 21. g5 Ne4 22. Qd1 Nb4 23. a3 Nc6 24. Ng4 Ne7 25.
Rf1 Qd7 26. Rc1 Rxc1 27. Qxc1 Kg7 28. Ne5 Qd6 29. Re1 Nf5 30. Qc8 Qe7 31. Rc1 Nfd6 32. Qc7 Qe8 33. Qxa7 h6 34. h4 hxg5 35. hxg5 Qb5 36.
Rc7 Qe8 37. Re7 Qg8 38. Rxe6 Qc8 39. Rxg6+ Kh7 40. Rh6+ Kg7 41. Rg6+ Kh7 42. Rh6+ Kg8 43. g6 Qc1+ 44. Kg2 Qd2+ 45. Kh1 Qe1+ 46. Kh2 Qg3+ 47.
Kh1 Nf2# 0-1

[Event "GrandPrix_29.05"]
[Site "Chess.com"]
[Date "2020.05.29"]
[Round "1"]
[White "tacticthunder"]
[Black "etserga"]
[Result "1-0"]
[WhiteElo "2191"]
[BlackElo "2114"]
[TimeControl "600+2"]
[EndTime "9:24:19 PDT"]
[Termination "tacticthunder won on time"]

1. e4 c6 2. d4 d5 3. Nd2 dxe4 4. Nxe4 Nf6 5. Nxf6+ exf6 6. c3 Bd6 7. Bd3 O-O 8. Ne2 Re8 9. Qc2 h5 10. Be3 Be6 11.
O-O Qc7 12. h3 Nd7 13. Qd2 f5 14. Bf4 Nf6 15. Bxd6 Qxd6 16. Qf4 Qxf4 17. Nxf4 Bd7 18.
h4 g6 19. Rfe1 Kg7 20. f3 Kf8 21. Kf2 Rad8 22. Bc4 Bc8 23. b4 Rxe1 24. Rxe1 Ne8 25. a4 Nd6 26. Bb3 b6 27. Nd3 Bb7 28. Ne5 f4 29. Bc2 a5 30. bxa5 bxa5 31. Rb1 Ba6 32. Rb6 Bb7 33. Bb3 Ba8 34. Ra6 Bb7 35. Rxa5 Kg7 36. Ra7 Rb8 37. Nd7 Re8 38. a5 Bc8 39. Ne5 c5 40. Bxf7 Rxe5 41. Bd5+ Kf6 42. dxe5+ Kxe5 43. c4 Bf5 44. a6 Bc8 45. Ra8 Kd4 46. a7 Ba6 47. Rd8 1-0

[Event "GrandPrix_29.05"]
[Site "Chess.com"]
[Date "2020.05.29"]
[Round "1"]
[White "Karinaa87"]
[Black "Luq27"]
[Result "0-1"]
[WhiteElo "2032"]
[BlackElo "2170"]
[TimeControl "600+2"]
[EndTime "9:24:19 PDT"]
[Termination "Luq27 won by resignation"]

1. d4 Nf6 2. c4 e6 3. Nf3 b6 4. g3 Bb4+ 5. Bd2 Be7 6. Bg2 c6 7. O-O O-O 8. Nc3 d5 9. Qc2 dxc4 10. e4 Nbd7 11. Rad1 b5 12. Bf4 Bb7 13. Rfe1 Re8 14. Ne5 Nxe5 15. Bxe5 Qb6 16. Qe2 Rad8 17. g4 c5 18.
dxc5 Qxc5 19. Bg3 b4 20. Na4 Qc6 21. b3 c3 22. g5 Nd7 23. f4 Nc5 24. Nxc5 Bxc5+ 25. Kh1 Bd4 26. Qc2 Rd7 27. Re2 Red8 28. f5 exf5 29.
exf5 Qb6 30. Rde1 Bxg2+ 31. Kxg2 Qc6+ 32. Kh3 Bc5 33. f6 gxf6 34. Qf5 fxg5 35. Qxg5+ Qg6 36. Re8+ Rxe8 37. Rxe8+ Bf8 38. Qc5 Qh6+ 39. Kg2 Rd2+ 40. Kg1 Rd1+ 41. Kg2 Qd2+ 42. Bf2 Qd5+ 43. Qxd5 Rxd5 44.
Rc8 Kg7 45. Kf3 a5 46. Ke4 Rd2 47. Bd4+ f6 48. Rc7+ Kg6 49. Rc6 Bg7 50. a4 Rb2 51. Bb6 Rxb3 52. Bxa5 Kg5 53. Rc5+ Kg4 54. Rc7 f5+ 55. Kd3 Be5 56. Rxh7 Rb2 57. h3+ Kf4 58. Bb6 Rd2+ 59. Kc4 c2 60. Kxb4 c1=Q 61. Rh4+ Kf3 62. Rc4 Rb2+ 63. Kc5 Rc2 0-1

[Event "GrandPrix_29.05"]
[Site "Chess.com"]
[Date "2020.05.29"]
[Round "1"]
[White "MAS_1704"]
[Black "PavelShkapenko"]
[Result "1/2-1/2"]
[WhiteElo "2055"]
[BlackElo "2257"]
[TimeControl "600+2"]
[EndTime "9:24:21 PDT"]
[Termination "Game drawn by agreement"]

1. d4 Nf6 2. Nf3 e6 3. Bf4 c5 4.
c3 b6 5. e3 Bb7 6. a4 a6 7.
Nbd2 Be7 8. h3 O-O 9. Bd3 cxd4 10. exd4 d6 11. Qe2 Nbd7 12. O-O Re8 13. Ne4 Nxe4 14. Bxe4 Bxe4 15. Qxe4 Nf6 16. Qd3 Nd5 17. Bd2 Qd7 18.
Rfe1 b5 19. axb5 axb5 20. Qf1 Nb6 21. Rxa8 Rxa8 22. Ra1 Rxa1 23. Qxa1 h6 24. b3 Qb7 25.
Qa5 Nd5 26. c4 bxc4 27. bxc4 Nf6 28. Be3 Ne4 29. Nd2 f5 30. Qb5 Qxb5 31. cxb5 Nxd2 32. Bxd2 Bd8 33. Bb4 Bc7 34. Kf1 Kf7 35. Ke2 Ke7 36. Kd3 Kd7 37. Kc4 g6 38. Bd2 h5 39. d5 e5 40. Be3 Kc8 41. b6 Bd8 42. Kb5 Kb7 43.
f3 Bh4 44. Bc1 e4 45. fxe4 fxe4 46. Bf4 Bf2 47. Bxd6 Bxb6 48. Kc4 Kc8 49. Bf4 Kd7 50. g3 Bf2 51. g4 hxg4 52. hxg4 Bb6 53. Be5 1/2-1/2

[Event "GrandPrix_29.05"]
[Site "Chess.com"]
[Date "2020.05.29"]
[Round "1"]
[White "GM_Levan_Pantsulaia"]
[Black "hypert"]
[Result "1-0"]
[WhiteElo "2646"]
[BlackElo "2138"]
[TimeControl "600+2"]
[EndTime "9:24:22 PDT"]
[Termination "GM_Levan_Pantsulaia won by resignation"]

1. Nf3 d5 2. g3 g6 3. Bg2 Bg7 4.
O-O e5 5. d3 Ne7 6. e4 d4 7. c3 c5 8. a3 Nbc6 9. cxd4 cxd4 10.
b4 O-O 11. Nbd2 f6 12. Nb3 Kh8 13. b5 Na5 14. Bd2 Nxb3 15. Qxb3 Bd7 16. Bb4 Re8 17.
Nd2 Nc8 18. a4 Be6 19. Qc2 Nb6 20. f4 Rc8 21. Qd1 Qd7 22. Nf3 exf4 23. gxf4 f5 24.
Ne5 Qc7 25. a5 Nd7 26. exf5 gxf5 27. Rc1 Qb8 28. Qh5 Nxe5 29. fxe5 Bxe5 30. Rce1 Bd6 31.
Qh4 Be5 32. Bd2 Rc2 33. Bg5 Qc7 34. Rf2 Rxf2 35. Qxf2 Bg7 36. Qxf5 Bxf5 37. Rxe8+ Bf8 38. Bf6+ Kg8 39. Bd5+ Qf7 40. Bxf7+ Kxf7 41. Rb8 Bb4 42. Bxd4 Bxa5 43. Rxb7+ Kg6 44. Rxa7 Bb4 45. b6 Bxd3 46. b7 Bc5 47. Bxc5 1-0

[Event "GrandPrix_29.05"]
[Site "Chess.com"]
[Date "2020.05.29"]
[Round "1"]
[White "Alexander_Donchenko"]
[Black "ZverevLev"]
[Result "1-0"]
[WhiteElo "2646"]
[BlackElo "2176"]
[TimeControl "600+2"]
[EndTime "9:24:24 PDT"]
[Termination "Alexander_Donchenko won by resignation"]

1. d4 Nf6 2. c4 e6 3. g3 d5 4. Bg2 c6 5. Nd2 Be7 6. Ngf3 O-O 7. O-O b6 8. Qc2 Bb7 9. e4 Na6 10. a3 c5 11. exd5 exd5 12. dxc5 Nxc5 13. b4 Ne6 14. Bb2 Rc8 15. Rfd1 dxc4 16. Nxc4 Qc7 17. Rac1 b5 18. Ne3 Qb6 19. Qe2 Rxc1 20. Rxc1 Rd8 21. Nf5 Bf8 22.
Bxf6 gxf6 23. N3h4 Bxg2 24. Nxg2 a5 25. Nge3 axb4 26.
axb4 Kh8 27. Qh5 Qb7 28. h4 Ng7 29. Nxg7 Bxg7 30. Rc5 Ra8 31. Nd5 Qd7 32. Kg2 Kg8 33. Rc7 Qe8 34. Re7 Qf8 35. Rb7 Qe8 36. Qf3 Rd8 37.
Ne7+ Kh8 38. Nf5 Qe6 39. Rxb5 Qc4 40. Rb7 Bf8 41. Ne3 Qe6 42. Rb5 Bh6 43. Nd5 Bg7 44.
Nf4 Qc4 45. Rb7 Bf8 46. Nh5 f5 47. Qxf5 Qc6+ 48. Qf3 Qxf3+ 49. Kxf3 Rd3+ 50. Ke2 Rb3 51. Rxf7 Rb2+ 52. Kf3 Bxb4 53. Nf6 1-0

[Event "GrandPrix_29.05"]
[Site "Chess.com"]
[Date "2020.05.29"]
[Round "1"]
[White "farhadtahirov"]
[Black "lilleper1"]
[Result "1/2-1/2"]
[WhiteElo "2040"]
[BlackElo "2288"]
[TimeControl "600+2"]
[EndTime "9:24:24 PDT"]
[Termination "Game drawn by repetition"]

1. c4 c5 2. Nc3 Nc6 3. Nf3 g6 4. g3 Bg7 5. Bg2 d6 6. O-O e6 7. e4 Nge7 8. d3 O-O 9. Be3 Nd4 10. Qd2 Nec6 11. Bh6 Nxf3+ 12. Bxf3 Nd4 13. Bg2 Bd7 14.
Rab1 Rb8 15. Bf4 Bc6 16. b4 b6 17. bxc5 bxc5 18. Ne2 Nxe2+ 19. Qxe2 Bd4 20. Bh6 Re8 21. h4 Qa5 22. h5 Rb6 23. Bh3 Reb8 24. Rxb6 Qxb6 25. Qf3 Qb2 26. Be3 Be5 27. Kg2 Qc2 28. hxg6 hxg6 29. Bg5 Qxa2 30. Rh1 Rb1 31. Bxe6 fxe6 32.
Rh6 Kg7 33. Qg4 Be8 34. Qxe6 Bd4 35. Qe7+ Bf7 36. Rh7+ Kxh7 37. Qxf7+ Kh8 38. Qf8+ Kh7 39. Qh6+ Kg8 40. Qxg6+ Kf8 41. Qxd6+ Kf7 42. Qd7+ Kg6 43. Qf5+ Kg7 44. Qd7+ Kg6 45. Qe6+ Kg7 46. Qd7+ Kg6 1/2-1/2

[Event "GrandPrix_29.05"]
[Site "Chess.com"]
[Date "2020.05.29"]
[Round "1"]
[White "HElissalt"]
[Black "wnstop"]
[Result "0-1"]
[WhiteElo "1934"]
[BlackElo "2468"]
[TimeControl "600+2"]
[EndTime "9:24:27 PDT"]
[Termination "wnstop won by resignation"]

1. d4 Nf6 2. c4 g6 3. Nc3 Bg7 4. e4 d6 5. Be2 O-O 6. Be3 Na6 7. h3 e5 8. d5 Nc5 9. Qc2 c6 10. Nf3 cxd5 11. cxd5 Nh5 12. O-O Nf4 13. Rfe1 Nxe2+ 14. Rxe2 a6 15. b4 Nd7 16. Rc1 h6 17. Nd2 f5 18.
exf5 gxf5 19. f4 exf4 20. Bxf4 Ne5 21. Kh1 Bd7 22. Nf3 Nxf3 23. gxf3 Qh4 24. Qd2 Rac8 25. Rg2 Qxh3+ 26. Kg1 Kh7 27. Ne2 Rxc1+ 28. Nxc1 Qxf3 29. Ne2 Qe4 30. Ng3 Qd4+ 31. Qxd4 Bxd4+ 32. Kh2 Be5 33. Nh5 Bxf4+ 34. Nxf4 Re8 35. Nh5 Rf8 36. Rg7+ Kh8 37. Rxd7 f4 38. Kg2 Rf5 39. Ng7 Rxd5 40. Kf3 Rd4 41. Ne6 Rxb4 42. Nxf4 Ra4 43. Ng6+ Kg8 44. Ne7+ Kf7 45. Nc8+ Ke6 46. Rxd6+ Ke5 47. Rxh6 Rxa2 48. Rb6 Rc2 49. Ne7 Rc7 50. Ke3 Rxe7 51. Kd3 Rc7 0-1

[Event "GrandPrix_29.05"]
[Site "Chess.com"]
[Date "2020.05.29"]
[Round "1"]
[White "Chessialist"]
[Black "Man-Chuk"]
[Result "1-0"]
[WhiteElo "2281"]
[BlackElo "2167"]
[TimeControl "600+2"]
[EndTime "9:24:28 PDT"]
[Termination "Chessialist won by checkmate"]

1. c4 e5 2. Nc3 Nf6 3. g3 d5 4. cxd5 Nxd5 5. Bg2 Nb6 6. Nf3 Nc6 7. O-O Be7 8. d3 O-O 9. Be3 Be6 10. Rc1 f6 11. a3 a5 12. Ne4 Re8 13. Nc5 Bxc5 14. Rxc5 Qd7 15. Qd2 Bh3 16. Bxh3 Qxh3 17. Rb5 Ra6 18. Bxb6 Rxb6 19. Rxb6 cxb6 20. Qe3 f5 21. Qxb6 h6 22. Qxb7 Nd4 23. Re1 Nxf3+ 24. Qxf3 e4 25. dxe4 fxe4 26.
Qb3+ Kh7 27. Qb5 Re7 28. Qxa5 e3 29. f3 Qe6 30. Qc3 Rd7 31. Qc2+ g6 32. Rd1 h5 33.
Rxd7+ Qxd7 34. Qd3 Qe6 35. Kg2 h4 36. g4 Qe5 37. a4 Qxb2 38. Qxe3 Qa2 39. Qe7+ Kg8 40. Qe4 Kg7 41. Qe5+ Kh7 42. a5 g5 43. Qe7+ Kg8 44. Qxg5+ Kf7 45. Qe5 Qa3 46. g5 Kg8 47. g6 h3+ 48. Kxh3 Qa4 49. Qe6+ Kg7 50. Qf7+ Kh6 51. f4 Qxa5 52. Qh7# 1-0

[Event "GrandPrix_29.05"]
[Site "Chess.com"]
[Date "2020.05.29"]
[Round "1"]
[White "N4700000"]
[Black "chess_big_master"]
[Result "1-0"]
[WhiteElo "2526"]
[BlackElo "2090"]
[TimeControl "600+2"]
[EndTime "9:24:28 PDT"]
[Termination "N4700000 won on time"]

1. e4 d6 2. d4 Nf6 3. f3 Nbd7 4. Be3 e5 5. d5 g6 6. Qd2 Bg7 7. c4 O-O 8. Nc3 Nh5 9. Nge2 f5 10. O-O-O f4 11.
Bf2 a5 12. Kb1 Nc5 13. Nc1 b6 14. Nd3 a4 15. Nb4 Bd7 16. Nb5 Nf6 17. Bd3 Ne8 18. Bc2 Qf6 19. h4 Rf7 20. Nc6 Bxc6 21. dxc6 Qe6 22. Qd5 Qxd5 23. exd5 Nf6 24. a3 e4 25. Bxc5 bxc5 26. Bxe4 Nxe4 27. fxe4 h6 28. Kc2 Be5 29. Rd3 Re8 30. Rf3 Bg7 31. Re1 Kh7 32. g4 g5 33. h5 Rfe7 34. b3 axb3+ 35. Kxb3 Ra8 36. a4 Kg8 37. Rf2 Be5 38. Ra2 Ra5 39. Kc2 Kf8 40. Nc3 Bd4 41. Nb1 Be3 42.
Nd2 Bxd2 43. Kxd2 Re8 44. Kd3 Kf7 45. Rb1 Kf6 46. Rb7 Rc8 47. e5+ dxe5 48. Ke4 Rca8 49. Rxc7 Rxa4 50. Rxa4 Rxa4 51. Rh7 Rxc4+ 52. Kd3 Rd4+ 53.
Kc3 Ra4 54. c7 Ra8 55. d6 f3 56. d7 f2 57. d8=Q+ 1-0

[Event "GrandPrix_29.05"]
[Site "Chess.com"]
[Date "2020.05.29"]
[Round "1"]
[White "KruHor"]
[Black "Grebnev_A"]
[Result "1-0"]
[WhiteElo "2646"]
[BlackElo "2177"]
[TimeControl "600+2"]
[EndTime "9:24:29 PDT"]
[Termination "KruHor won on time"]

1. d4 Nf6 2. Nf3 g6 3. c4 Bg7 4. Nc3 O-O 5. e4 d6 6. Be2 Nbd7 7. Be3 a5 8. Nd2 c6 9. a3 Ne8 10. O-O f5 11. f4 e5 12. dxe5 dxe5 13. exf5 gxf5 14.
fxe5 Nxe5 15. Nb3 Qxd1 16. Raxd1 Be6 17. Bc5 Rf7 18. Nd4 Bxc4 19. Nxf5 Bf8 20. Bxf8 Kxf8 21. Bxc4 Nxc4 22. Ne4 Ng7 23. Nh6 Rxf1+ 24. Rxf1+ Ke8 25. Rf7 Ne6 26. b3 Ne5 27. Nd6+ Kd8 28. Nxb7+ Kc8 29.
Nd6+ Kd8 30. Rxh7 Rb8 31. Rb7 Rxb7 32. Nxb7+ Ke7 33. Nxa5 Kf6 34. h3 Nd4 35. Ng4+ Nxg4 36. hxg4 Kg5 37. Kf2 Kxg4 38. Ke3 Nc2+ 39. Kf2 Nxa3 40.
Nxc6 Nb5 41. b4 Kf4 42. g3+ Kg4 43. Ne5+ Kf5 44. Nc4 Ke4 45. Ne3 Nd4 46. Nd1 Nb5 47. Ke2 Nd4+ 48. Kd2 Kf3 49. Kd3 Nb5 50. Nc3 Nc7 51.
Ne2 Nd5 52. b5 Nb6 53. Kd4 Na4 54. Nc3 Nb6 55. Kc5 Nc8 56. Ne2 Kg4 57. Kc6 1-0

[Event "GrandPrix_29.05"]
[Site "Chess.com"]
[Date "2020.05.29"]
[Round "1"]
[White "Magicmaster17"]
[Black "levvard"]
[Result "0-1"]
[WhiteElo "2054"]
[BlackElo "2030"]
[TimeControl "600+2"]
[EndTime "9:24:31 PDT"]
[Termination "levvard won on time"]

1. Nf3 e6 2. c4 d5 3. g3 dxc4 4.
Qa4+ Nd7 5. Bg2 Nf6 6. Qxc4 Bd6 7. O-O O-O 8. Nc3 Nb6 9. Qb3 e5 10. d3 Be6 11. Qc2 Rb8 12. d4 exd4 13. Nxd4 Re8 14. Rd1 Bd7 15. Ndb5 Be5 16. Be3 c6 17. Nd6 Bxd6 18. Bxb6 axb6 19. Rxd6 Qe7 20. Rad1 Bg4 21. R6d2 Red8 22. a4 h6 23. Qb3 Rxd2 24. Rxd2 Rd8 25. Rxd8+ Qxd8 26. h3 Be6 27. Qb4 Qc7 28. e4 Qd8 29. e5 Nd7 30. Qd4 Qc7 31. f4 f6 32.
exf6 Nxf6 33. g4 Bf7 34. Kf2 Nd7 35. b4 c5 36. Nb5 Qd8 37. Qd2 Qe7 38. bxc5 Nxc5 39.
Qd4 Ne6 40. Qe3 Qd7 41. f5 Nc5 42. Qd4 Qe7 43. Bf3 Bb3 44. Nc3 Bf7 45. Bd5 Bxd5 46. Qxd5+ Kh7 47. Qd4 Qc7 48. Kg2 Qc6+ 49. Kg3 Qc7+ 50.
Kg2 Qc6+ 51. Kf2 Qe8 52. Qe3 Qf7 53. Kg3 Qc4 54. Kf3 Nd3 55. Ne4 Qd5 56. Ke2 Ne5 57.
f6 Kg8 58. fxg7 Qe6 59. Qd4 Nc6 60. Qd5 Qxd5 61. Nf6+ Kxg7 62. Nxd5 b5 63. axb5 Nd4+ 64.
Ke3 Nxb5 65. h4 Nd6 66. Kf4 b5 67. h5 Nf7 68. Kf5 Nd6+ 69. Ke6 Nc4 0-1

[Event "GrandPrix_29.05"]
[Site "Chess.com"]
[Date "2020.05.29"]
[Round "1"]
[White "gygygygygyggygygygy"]
[Black "komandoras123"]
[Result "0-1"]
[WhiteElo "2050"]
[BlackElo "2489"]
[TimeControl "600+2"]
[EndTime "9:24:33 PDT"]
[Termination "komandoras123 won on time"]

1. e4 d6 2. Nf3 Nf6 3. d3 g6 4.
g3 Bg7 5. Bg2 O-O 6. O-O c5 7.
Re1 Nc6 8. c3 e5 9. h3 h6 10.
Be3 Rb8 11. Nbd2 b5 12. d4 cxd4 13. cxd4 a6 14. Rc1 Bd7 15. dxe5 dxe5 16. Bc5 Re8 17.
Bd6 Rc8 18. Nb3 Be6 19. Nc5 Bxa2 20. b3 Nd4 21. Nb7 Rxc1 22. Qxc1 Nxf3+ 23. Bxf3 Qd7 24. Qa3 Bxb3 25. Qxa6 Bc4 26. Bg2 Re6 27. Rd1 Ne8 28. Qa8 Qc6 29. Bb4 Kh7 30. Qb8 Qc7 31. Qxc7 Nxc7 32.
Rd7 Na6 33. Bd2 b4 34. Nd6 Ba2 35. Nxf7 Rb6 36. Bc1 Nc5 37. Rc7 Nd3 38. Be3 Rf6 39. Nxh6 b3 40. Ng4 Ra6 41. Bh6 b2 42. Rxg7+ Kh8 43.
Rb7 b1=Q+ 44. Rxb1 Bxb1 45. Bf1 Ra5 46. Bg5 Kg7 47. Bf6+ Kf8 48. Kg2 Ne1+ 49. Kg1 Nf3+ 50. Kh1 Bxe4 0-1

[Event "GrandPrix_29.05"]
[Site "Chess.com"]
[Date "2020.05.29"]
[Round "1"]
[White "GM_LOADING"]
[Black "DariaVoit"]
[Result "1/2-1/2"]
[WhiteElo "2380"]
[BlackElo "2079"]
[TimeControl "600+2"]
[EndTime "9:24:38 PDT"]
[Termination "Game drawn by repetition"]

1. e4 e6 2. d4 d5 3. Nc3 Bb4 4. Ne2 dxe4 5. a3 Bxc3+ 6. Nxc3 Nf6 7. Bg5 b6 8. Nxe4 Bb7 9. Bb5+ c6 10. Bc4 h6 11. Bh4 g5 12. Nxf6+ Qxf6 13. Bg3 Nd7 14. Qe2 O-O-O 15. O-O-O Rhe8 16. Rhe1 Qf5 17. h4 Nf6 18. hxg5 hxg5 19. Be5 g4 20. Ba6 Nd7 21. Qc4 Nb8 22. Bxb7+ Kxb7 23. Rd2 Nd7 24. Qd3 Qxd3 25. Rxd3 Nxe5 26.
Rxe5 f6 27. Re4 f5 28. Re5 Kc7 29. Rde3 Rxd4 30. Rxe6 Rxe6 31. Rxe6 Rf4 32. Re2 Kd6 33. Kd2 Rd4+ 34. Kc3 Rd1 35. Re8 Rf1 36. Re2 a5 37.
Kd4 a4 38. Ke3 Ke5 39. Kd3+ Kd5 40. Ke3 Rb1 41. c3 Ke5 42. Kd3+ Kd5 43. Ke3 Kc4 44. Kf4 Kd3 45. Re3+ Kd2 46. Kxf5 Rxb2 47. Re6 c5 48.
Kxg4 Kxc3 49. f4 Rxg2+ 50. Kf3 Rg1 51. Rxb6 Ra1 52. f5 Rxa3 53. f6 Kc4+ 54. Ke4 Ra1 55.
Ke5 Rf1 56. Ke6 a3 57. f7 a2 58. Ra6 Kb3 59. Ke7 Re1+ 60. Kd7 Rf1 61. Ke7 c4 62. Rb6+ Kc2 63. Ra6 Kb2 64. Rb6+ Kc2 65. Ra6 Kb2 66. Rb6+ Kc2 1/2-1/2

[Event "GrandPrix_29.05"]
[Site "Chess.com"]
[Date "2020.05.29"]
[Round "1"]
[White "GoltsevDmitry2000"]
[Black "KardashevskiyEvgeny"]
[Result "1/2-1/2"]
[WhiteElo "2304"]
[BlackElo "2022"]
[TimeControl "600+2"]
[EndTime "9:24:39 PDT"]
[Termination "Game drawn - insufficient material"]

1. e4 c5 2. Nf3 Nc6 3. d4 cxd4 4. Nxd4 Nf6 5. Nc3 e5 6. Ndb5 d6 7. Nd5 Nxd5 8. exd5 Ne7 9. c4 Ng6 10. Be3 a6 11. Nc3 Be7 12. Be2 O-O 13. O-O Bg5 14. Qd2 Bxe3 15. fxe3 f5 16. b4 f4 17. Bd3 Qb6 18. Na4 Qxe3+ 19. Qxe3 fxe3 20. Bxg6 hxg6 21. Nb6 Rb8 22. Rae1 Rxf1+ 23. Kxf1 Bf5 24. Rxe3 Rf8 25. Ke1 Kf7 26. c5 Rd8 27. a4 Kf6 28. c6 bxc6 29. dxc6 e4 30. c7 Re8 31. Rc3 Ke5 32. c8=Q Bxc8 33.
Rxc8 Re7 34. Ke2 Kd4 35. Rc6 d5 36. Rd6 Re5 37. Nd7 Rg5 38. g3 Rh5 39. h4 g5 40.
Rxa6 gxh4 41. gxh4 Rxh4 42. Rd6 Rh2+ 43. Kf1 e3 44.
Nb6 Rh1+ 45. Ke2 Rh2+ 46. Kf3 Rf2+ 47. Kg3 Rf5 48. Rxd5+ Rxd5 49. Nxd5 Kxd5 50. b5 Ke4 51. b6 Kd3 52. b7 e2 53. b8=Q e1=Q+ 54. Kg4 Qe4+ 55.
Qf4 Qxf4+ 56. Kxf4 Kc4 57. Kg5 Kb4 58. Kg6 Kxa4 59.
Kxg7 1/2-1/2